 Dungeon Crawl Stone Soup version 0.22-a0-396-g3f858e3 (webtiles) character file.

228 Borgoz the Cudgeler (level 6, -10/38 HPs)
             Began as a Gargoyle Gladiator on May 3, 2018.
             Mangled by an ogre
             ... wielding a +0 giant club
              (13 damage)
             ... on level 4 of the Dungeon.
             The game lasted 00:05:28 (2724 turns).

Borgoz the Cudgeler (Gargoyle Gladiator)            Turns: 2724, Time: 00:05:29

Health: -10/38     AC: 19    Str: 18    XL:     6   Next: 2%
Magic:  6/6        EV:  6    Int:  8    God:
Gold:   164        SH:  0    Dex: 13    Spells: 5/5 levels left

rFire    . . .     SeeInvis .   a - +0 flail
rCold    . . .     Gourm    .   (no shield)
rNeg     + . .     Faith    .   q - +0 plate armour
rPois    ∞         Spirit   .   c - +0 helmet
rElec    +         Reflect  .   (no cloak)
rCorr    .         Harm     .   (no gloves)
MR       .....                  m - +2 pair of boots
Stlth    ..........             (no amulet)
HPRegen  0.12/turn              (no ring)
MPRegen  0.10/turn              (no ring)

@: no status effects
A: negative energy resistance 1, electricity resistance, unbreathing,
petrification resistance, rot immunity, AC +4
a: no special abilities


You were on level 4 of the Dungeon.
You were not hungry.

You visited 1 branch of the dungeon, and saw 5 of its levels.

You collected 164 gold pieces.

Inventory:

Hand Weapons
 a - a +0 flail (weapon)
Missiles
 d - 3 throwing nets (quivered)
 n - 6 poisoned tomahawks
Armour
 c - a +0 helmet (worn)
 m - a +2 pair of boots (worn)
 q - a +0 plate armour (worn)
Scrolls
 b - a scroll of blinking {unknown}
 g - 3 scrolls of enchant armour {unknown}
 i - 2 scrolls of amnesia {unknown}
 k - 2 scrolls of teleportation {unknown}
 l - 2 scrolls of enchant weapon {unknown}
 u - a scroll of remove curse {unknown}
Potions
 e - 3 potions of curing
 o - a potion of flight
 p - a potion of mutation
 t - a potion of degeneration
Comestibles
 f - 7 rations
 h - 9 chunks of flesh


   Skills:
 + Level 3.8 Fighting
 + Level 4.1 Maces & Flails
 - Level 1.7 Throwing
 + Level 2.8 Armour
 + Level 3.4 Dodging


You had 5 spell levels left.
You didn't know any spells.

Dungeon Overview and Level Annotations

Branches:
Dungeon (5/15)
 Temple: D:4-7

Altars:
Okawaru
Trog
Xom
Yredelemnul

Annotations:
D:3 George's ghost, amateur MiFi
D:4 Serpenta's ghost, amateur TeCK


Innate Abilities, Weirdness & Mutations

You are resistant to torment.
Your stone body is resilient. (AC +4)
You are immune to poison.
You resist negative energy. (rN+)
You are resistant to electric shocks. (rElec)
You can survive without breathing.
You are immune to petrification.
You are immune to rotting.


Message History

The orc closely misses you. The ogre hits you with a giant club.
Found a glowing ruby potion.
You sock the ogre!
The ogre is moderately wounded.
The orc hits you but does no damage. The ogre hits you with a giant club!!
Ouch! That really hurt!
* * * LOW HITPOINT WARNING * * *
You are too injured to fight recklessly!
Okay, then.
You hit the ogre.
The ogre is moderately wounded.
The orc hits you but does no damage. The ogre hits you with a giant club!
* * * LOW HITPOINT WARNING * * *
You hit the ogre but do no damage.
The ogre is moderately wounded.
The orc hits you but does no damage. The ogre hits you but does no damage.
You sock the ogre!
The ogre is severely wounded.
The orc hits you but does no damage. The ogre hits you with a giant club!
You die...

# ## #. ..
###..####.###.#
#..>.O@>......#
..!...o.†..##...
##.........#
##.##.##.## #%
.. .. .. ..$ ...
! .⌠.. ..#.
=.... ..##.


You could see an ogre and an orc.

Vanquished Creatures
  A bullfrog zombie (D:5)
  An orc priest (D:5)
  An orc wizard (D:3)
  4 adders
  An adder zombie (D:5)
  A worm (D:3)
  2 dart slugs (D:2)
  2 leopard geckos
  10 orcs
  4 giant cockroaches
  8 goblins
  8 hobgoblins
  8 jackals
  A quokka (D:3)
  5 bats
  3 frilled lizards
  12 kobolds
  8 rats
80 creatures vanquished.

Notes
Turn   | Place    | Note
-------+----------+-------------------------------------------
     0 | D:1      | Borgoz the Gargoyle Gladiator began the quest for the Orb.
     0 | D:1      | Reached XP level 1. HP: 12/12 MP: 1/1
   131 | D:1      | Reached XP level 2. HP: 14/18 MP: 2/2
   314 | D:1      | Reached skill level 1 in Armour
   519 | D:1      | Reached XP level 3. HP: 22/22 MP: 3/3
  1152 | D:2      | Found an iron altar of Okawaru.
  1154 | D:2      | Reached XP level 4. HP: 27/27 MP: 4/4
  1325 | D:2      | Found a bloodstained altar of Trog.
  1987 | D:3      | Reached XP level 5. HP: 32/32 MP: 5/5
  2066 | D:3      | Noticed George's ghost (amateur MiFi)
  2556 | D:4      | Noticed Serpenta's ghost (amateur TeCK)
  2567 | D:5      | Entered Level 5 of the Dungeon
  2570 | D:5      | Found a basalt altar of Yredelemnul.
  2642 | D:5      | Reached skill level 4 in Maces & Flails
  2664 | D:5      | Found a shimmering altar of Xom.
  2687 | D:5      | Reached XP level 6. HP: 38/38 MP: 6/6
  2724 | D:4      | Mangled by an ogre

Vault maps used:
D:1:      nzn_arrival_settlement
D:2:      kennysheep_okawaru_gauntlet, trog_three_pillars_becter
D:4:      minmay_temple_entry_large_hall, first_ration
D:5:      yredelemnul_altar_generic, basic_altar

Skill      XL: |  1  2  3  4  5 |
---------------+----------------+-----
Armour         | 1 2 |  2.8
Fighting       | 3 |  3.8
Dodging        | 3 |  3.4
Maces & Flails | 4 |  4.1
Throwing       | |  1.7

Action                   |  1- 3 |  4- 6 || total
-------------------------+-------+-------++-------
Melee: Flail             |   133 |   217 ||   350
  Use: Scroll            |       |     5 ||     5
       Potion            |       |     2 ||     2
 Stab: Sleeping          |     1 |       ||     1
  Eat: Chunk             |     1 |     3 ||     4
       Ration            |       |     1 ||     1
Armor: Leather armour    |    69 |     1 ||    70
       Plate armour      |       |   192 ||   192
Dodge: Dodged            |   125 |    85 ||   210

Table legend:
 A = Spawn XP
 B = Non-spawn XP
 C = Spawn XP percentage of total XP
 D = Spawn monster count
 E = Non-spawn monster count
 F = Spawn count percentage of total count
 G = Total turns spent on level
                    A         B        C        D         E        F      G
               +---------+---------+-------+---------+---------+-------+---------
         Total |       0 |     327 |   0.0 |       0 |      80 |   0.0 |  2724
               +---------+---------+-------+---------+---------+-------+---------
           D:1 |       0 |      44 |   0.0 |       0 |      29 |   0.0 |   910
           D:2 |       0 |      58 |   0.0 |       0 |      18 |   0.0 |   966
           D:3 |       0 |     113 |   0.0 |       0 |      24 |   0.0 |   622
           D:4 |       0 |       3 |   0.0 |       0 |       1 |   0.0 |    77
           D:5 |       0 |     109 |   0.0 |       0 |       8 |   0.0 |   149
               +---------+---------+-------+---------+---------+-------+---------
